 Dungeon Crawl Stone Soup version 0.27-a0-1193-g8631133539 (webtiles) character file.

Game seed: 3267003002791712878

1 EnegeticOcto the Magician (level 1, 0/15 HPs)
             Began as a Djinni Earth Elementalist on May 25, 2021.
             Slain by a kobold
             ... wielding a +0 whip
              (1 damage)
             ... on level 2 of the Dungeon.
             The game lasted 00:00:12 (42 turns).

EnegeticOcto the Magician (Djinni Earth Elementalist) Turns: 42, Time: 00:00:12

Health: 0/15       AC:  2    Str:  7    XL:     1   Next: 22%
Gold:   0          EV: 12    Int: 16    God:
                   SH:  0    Dex: 13

rFire    + + .     SeeInvis .   (no weapon)
rCold    x . .     Faith    .   (no shield)
rNeg     . . .     Spirit   .   c - +0 robe
rPois    ∞         Reflect  .   (no helmet)
rElec    .         Harm     .   (no cloak)
rCorr    .         Rampage  .   (no gloves)
Will     .....                  (boots unavailable)
Stlth    ++........             (no amulet)
HPRegen  0.05/turn              (no ring)
MPRegen  0.00/turn              (no ring)

@: flying, very slightly contaminated
A: sickness immunity, fire resistance 2, cold vulnerability 1, float, innate
caster, hp casting, extra vitality 1
a: no special abilities


You were on level 2 of the Dungeon.
You visited 1 branch of the dungeon, and saw 2 of its levels.

Inventory:

Missiles
 b - 21 stones
Armour
 c - a +0 robe (worn)
Scrolls
 a - a scroll of amnesia {unknown}


   Skills:
 - Level 2.1 Dodging
 - Level 1.5 Stealth
 + Level 2.4 Spellcasting


You couldn't memorise any spells.
You knew the following spells:

 Your Spells              Type           Power      Damage    Failure   Level
a - Sandblast             Erth           18%        2d7       7%          1
b - Stone Arrow           Conj/Erth      18%        3d8       22%         3
c - Petrify               Tmut/Erth      9%         N/A       56%         4
d - Lee's Rapid Deconstr  Erth           4%         3d6*      89%         5
p - Passwall              Tmut/Erth      7%         N/A       11%         2
Your spell library was empty.

Dungeon Overview and Level Annotations

Branches:
Dungeon (2/15)

Altars:


Innate Abilities, Weirdness & Mutations

You are immune to sickness and miasma.
You are immune to poison.
Your flesh is very heat resistant. (rF++)
You are vulnerable to cold. (rC-)
You float through the air rather than walking.
You learn spells naturally, not from books.
Your magical power is your life essence.
You have superior vitality. (+4 HP)


Message History

Found a club.
Found a stone staircase leading down.
Found a stone staircase leading down.
a - a scroll labelled ADINEO ATUODGH
(D) Dungeon
Where to? (? - help)
There is a stone staircase leading down here.
You fly downwards.
An endoplasm, a hobgoblin and a kobold come into view.
Found a scroll labelled COUHYLAXOO and 2 viscous grey potions.
Found an escape hatch in the ceiling.
There is a stone staircase leading up here.
Cast which spell? (? or * to list)
Aiming: Sandblast (safe; 8% risk of failure)
Press: ? - help, Shift-Dir - straight line, f - hobgoblin
Aim: a hobgoblin (78% to hit)
The blast of sand hits the hobgoblin.
The hobgoblin is heavily wounded.
The kobold shouts!
The kobold throws a stone.
The stone barely misses you.
Casting: Sandblast (safe; 8% risk of failure)
Confirm with . or Enter, or press ? or * to list all spells.
Aiming: Sandblast (safe; 8% risk of failure)
Press: ? - help, Shift-Dir - straight line, f/p - hobgoblin
Aim: a hobgoblin (heavily wounded, 78% to hit)
The blast of sand hits the hobgoblin but does no damage.
The hobgoblin is heavily wounded.
The kobold throws a stone.
The stone barely misses you.
A bat comes into view.
The hobgoblin hits you but does no damage.
The bat moves out of view.
Casting: Sandblast (safe; 8% risk of failure)
Confirm with . or Enter, or press ? or * to list all spells.
Aiming: Sandblast (safe; 8% risk of failure)
Press: ? - help, Shift-Dir - straight line, f/p - hobgoblin
Aim: a hobgoblin (heavily wounded, 78% to hit)
The blast of sand hits the hobgoblin but does no damage.
The hobgoblin is heavily wounded.
The hobgoblin closely misses you.
Casting: Sandblast (safe; 8% risk of failure)
Confirm with . or Enter, or press ? or * to list all spells.
Aiming: Sandblast (safe; 8% risk of failure)
Press: ? - help, Shift-Dir - straight line, f/p - hobgoblin
Aim: a hobgoblin (heavily wounded, 78% to hit)
The blast of sand hits the hobgoblin.
You kill the hobgoblin!
Casting: Sandblast (safe; 7% risk of failure)
Confirm with . or Enter, or press ? or * to list all spells.
Aiming: Sandblast (safe; 7% risk of failure)
Press: ? - help, Shift-Dir - straight line, f - kobold
Aim: a kobold, wielding a +0 whip and quivering stones (72% to hit)
The blast of sand misses the kobold.
The bat hits you but does no damage. The kobold hits you with a +0 whip.
Casting: Sandblast (safe; 7% risk of failure)
Confirm with . or Enter, or press ? or * to list all spells.
Aiming: Sandblast (safe; 7% risk of failure)
Press: ? - help, Shift-Dir - straight line, f/p - kobold
Aim: a kobold, wielding a +0 whip and quivering stones (72% to hit)
The blast of sand hits the kobold but does no damage.
The bat hits you but does no damage. The kobold closely misses you.
Casting: Sandblast (safe; 7% risk of failure)
Confirm with . or Enter, or press ? or * to list all spells.
Aiming: Sandblast (safe; 7% risk of failure)
Press: ? - help, Shift-Dir - straight line, f/p - kobold
Aim: a kobold, wielding a +0 whip and quivering stones (72% to hit)
You miscast Sandblast.
You are very lightly contaminated with residual magic.
Nothing appears to happen.
The bat barely misses you. The kobold hits you with a +0 whip.
* * * LOW HITPOINT WARNING * * *
Casting: Sandblast (safe; 7% risk of failure)
Confirm with . or Enter, or press ? or * to list all spells.
Aiming: Sandblast (safe; 7% risk of failure)
Press: ? - help, Shift-Dir - straight line, f/p - kobold
Aim: a kobold, wielding a +0 whip and quivering stones (72% to hit)
The blast of sand misses the kobold.
* * * LOW HITPOINT WARNING * * *
The bat barely misses you.
The endoplasm jiggles.
The kobold completely misses you.
Casting: Sandblast (safe; 7% risk of failure)
Confirm with . or Enter, or press ? or * to list all spells.
Aiming: Sandblast (safe; 7% risk of failure)
Press: ? - help, Shift-Dir - straight line, f/p - kobold
Aim: a kobold, wielding a +0 whip and quivering stones (72% to hit)
The blast of sand misses the kobold.
* * * LOW HITPOINT WARNING * * *
The bat hits you.
* * * LOW HITPOINT WARNING * * *
The endoplasm closely misses you. The kobold closely misses you.
Casting: Sandblast (safe; 7% risk of failure)
Confirm with . or Enter, or press ? or * to list all spells.
Aiming: Sandblast (safe; 7% risk of failure)
Press: ? - help, Shift-Dir - straight line, f/p - kobold
Aim: a kobold, wielding a +0 whip and quivering stones (72% to hit)
The blast of sand misses the kobold.
* * * LOW HITPOINT WARNING * * *
The bat closely misses you. The endoplasm closely misses you.
The kobold hits you with a +0 whip.
You die...

#. .^....
.#####......
###...........
............ #
#........
...##.....!##.##
......KbJ...?...
#..@<..#
#......#
#.....##
......##
......<.#
.........#
##.......#
#.......#


You could see an endoplasm, a bat and a kobold.

Vanquished Creatures
  A hobgoblin (D:2)
1 creature vanquished.

Notes
Turn   | Place    | Note
-------+----------+-------------------------------------------
     0 | D:1      | EnegeticOcto the Djinni Earth Elementalist began the quest
                  | for the Orb.
     0 | D:1      | Reached XP level 1. HP: 15/15 MP: 0/0
    42 | D:2      | Slain by a kobold

Illustrated notes

Levels and vault maps discovered:
D:1:      lemuel_arrival_behind_the_door_small, layout_loops_ring
D:2:      layout_basic, uniq_natasha

Action                   || total
-------------------------++-------
 Cast: Sandblast         ||     9
Armor: Robe              ||     3
Dodge: Dodged            ||    11

Table legend: (Time is in decaauts)
 A = Elapsed time spent in this place.
 B = Non-inter-level travel time spent in this place.
 C = Inter-level travel time spent in this place.
 D = Time resting spent in this place.
 E = Time spent auto-exploring this place.
 F = Levels seen in this place.
 G = Mean time per level.
                   A        B        C        D        E       F      G
               +--------+--------+--------+--------+--------+-----+--------+
         Total |     41 |     38 |      3 |      0 |      0 |   2 |   20.5 |
       Dungeon |     41 |     38 |      3 |      0 |      0 |   2 |   20.5 |
               +--------+--------+--------+--------+--------+-----+--------+

Top non-repeatable levels by time:
     D:1: 31 daAuts
     D:2: 10 daAuts
